 Dungeon Crawl Stone Soup version 0.17-a0-1-g1f4be75 (console) character file.

11151 mauris the Unweaver (level 11, -2/101 (103) HPs)
             Began as a Hill Orc Abyssal Knight on Mar 10, 2015.
             Was a Follower of Lugonu.
             Slain by an eight-headed hydra (10 damage)
             ... on level 1 of the Lair of Beasts.
             The game lasted 00:47:16 (15299 turns).

mauris the Unweaver (Hill Orc Abyssal Knight)      Turns: 15299, Time: 00:47:16

HP:   -2/101 (103)  AC: 17    Str: 23    XL:     11   Next: 73%
MP:   26/26         EV:  8    Int: 12    God:    Lugonu [*.....]
Gold: 1029          SH:  0    Dex: 15    Spells: 0 memorised, 10 levels left

rFire  . . .     SeeInvis +     X - +9 exec axe {freeze, Contam +Rage rC+ Str+7 SInv}
rCold  + . .     Clarity  .     w - +0 chain mail {8}
rNeg   . . .     SustAb   .     (no shield)
rPois  +         Gourm    .     s - +0 mask of the Dragon {MR+ Slay+3 SInv}
rElec  .         Spirit   .     i - +2 cloak {rPois}
rCorr  .         Warding  .     F - +1 pair of gloves (curse)
rMut   .         Stasis   .     (no boots)
MR     +....                    u - amulet of faith {!P}
Stlth  ..........               t - ring of see invisible
                                I - +2 ring of dexterity (curse)

@: somewhat resistant to hostile enchantments, extremely unstealthy
A: no striking features
a: Depart the Abyss, Renounce Religion, Evoke Berserk Rage


You were on level 1 of the Lair of Beasts.
You worshipped Lugonu.
Lugonu was aware of your devotion.
You were very hungry.

You visited 2 branches of the dungeon, and saw 12 of its levels.
You visited the Abyss 1 time.
You also visited: Trove and Volcano.

You collected 1029 gold pieces.

Inventory:

Hand weapons
 R - the +5 executioner's axe "Ugiegej" {elec, rElec, unknown}
   (You found it in a treasure trove)

   Occasionally, upon striking a foe, it will discharge some electrical energy
   and cause terrible harm.
   It insulates you from electricity.
 U - the -1 executioner's axe "Roxet" {flame, +Rage rPois rF- rC+, unknown}
   (You found it in a treasure trove)

   It has been specially enchanted to burn those struck by it, causing extra
   injury to most foes and up to half again as much damage against particularly
   susceptible opponents.
   Big, fiery blades are also staple armaments of hydra-hunters.
   It makes you vulnerable to fire.
   It protects you from cold.
   It protects you from poison.
   It lets you go berserk.
 X - the +9 executioner's axe "Klipp" (weapon) {freeze, Contam +Rage rC+ Str+7 SInv}
   (You found it in a treasure trove)

   It has been specially enchanted to freeze those struck by it, causing extra
   injury to most foes and up to half again as much damage against particularly
   susceptible opponents.
   It can also slow down cold-blooded creatures.
   It affects your strength (+7).
   It protects you from cold.
   It enhances your eyesight.
   It lets you go berserk.
   It causes magical contamination when unequipped.
Armour
 i - a +2 cloak of poison resistance (worn)
 s - the +0 mask of the Dragon (worn) {MR+ Slay+3 SInv}
   (You found it on level 7 of the Dungeon)

   It affects your accuracy and damage with ranged weapons and melee attacks
   (+3).
   It affects your resistance to hostile enchantments.
   It enhances your eyesight.
 w - a +0 chain mail (worn) {8}
 F - a cursed +1 pair of gloves (worn)
 Z - a +1 pair of boots
Jewellery
 j - an uncursed amulet of resist corrosion {unknown}
 n - an uncursed amulet of stasis {!P}
 t - a ring of see invisible (right hand)
 u - an amulet of faith (around neck) {!P}
 I - a cursed +2 ring of dexterity (left hand)
 J - an uncursed ring of poison resistance {unknown}
 O - an uncursed amulet of resist mutation {unknown}
Magical devices
 p - a wand of confusion (10)
 C - a wand of heal wounds (3) {@v2}
 Q - a wand of cold (0)
Scrolls
 d - a scroll of noise {!r}
 e - a scroll of fog
 k - a scroll of enchant weapon
 m - a scroll of amnesia
 q - a scroll of brand weapon {unknown}
 y - 3 scrolls of remove curse
 A - a scroll of magic mapping {unknown}
 K - 2 scrolls of teleportation {@r4}
 L - a scroll of blinking {unknown}
Potions
 a - a potion of brilliance {unknown}
 b - a potion of cure mutation {unknown}
 h - 3 potions of flight
 o - a potion of lignification {unknown}
 r - 4 potions of heal wounds {@q2}
 v - 3 potions of magic
 x - 3 potions of degeneration {unknown}
 z - 4 potions of haste {@q3}
 B - a potion of ambrosia {unknown}
 E - 2 potions of mutation {!q}
 H - 2 potions of resistance
 M - 2 potions of curing {@q1}
 P - a potion of restore abilities {unknown}
 S - a potion of poison {unknown}
Comestibles
 c - 8 meat rations
 f - 5 beef jerkies
 g - 3 bread rations
 l - 8 fruits
 D - 11 royal jellies
 G - 2 slices of pizza


   Skills:
 + Level 11.6 Fighting
 + Level 11.7 Axes
 + Level 10.2 Armour
 - Level 0.7 Dodging
 + Level 11.9 Invocations


You had 10 spell levels left.
You didn't know any spells.

Dungeon Overview and Level Annotations

Branches:
Dungeon (10/15)            Temple (0/1) D:7            Lair (2/8) D:9
    Orc (0/4) D:9

Altars:
Dithmenos
Elyvilon
Kikubaaqudgha
Nemelex Xobeh
Sif Muna
Xom
Yredelemnul
Zin

Annotations:
D:3 exclusions: door and orc wizard
D:8 exclusions: upstairs and 1 more exclusion
Lair:1 3 exclusions
Abyss:1 Blork the orc


Message History

* * * LOW HITPOINT WARNING * * *
The seven-headed hydra bites you.
* * * LOW HITPOINT WARNING * * *
The seven-headed hydra bites you.
* * * LOW HITPOINT WARNING * * *
The seven-headed hydra bites you but does no damage.
Read which item? (? for menu, Esc to quit)
Okay, then.
Use which ability? (? or * to list)
Okay, then.
You slice one of the seven-headed hydra's heads off!
The six-headed hydra grows two more!
You hit the eight-headed hydra. You freeze the eight-headed hydra.
The eight-headed hydra is heavily wounded.
The eight-headed hydra bites you.
* * * LOW HITPOINT WARNING * * *
The eight-headed hydra bites you!
* * * LOW HITPOINT WARNING * * *
The eight-headed hydra bites you!
You die...

.........##D.## #
........####..## #.. ........#
#...####...# ........#
#....#....# .# ........#
###.......### .. ........##
#.........#####.##
........P#####P..............P#
..##....###.##................#
.###.#..........@.............###
## ####........D................#
#..####P..>....#........## #..##
##...##.#####....## #...#
##..P#### ###..# ##...###....##
##.## #....#.......### ##...##
#........##....### ##.....#
##.......#####....###..#####


You could see an eight-headed hydra.

Vanquished Creatures
  An unseen horror (D:8)
  A spiny frog (Lair:1)
  A guardian mummy (Volcano)
  A minotaur skeleton (Volcano)
  A blink frog (Lair:1)
  2 flying skulls (Volcano)
  2 vampires (Volcano)
  A hippogriff (D:10)
  A hungry ghost (D:8)
  4 yaks (D:9)
  2 wyverns
  A steam dragon (D:9)
  2 hill giant skeletons (Volcano)
  4 water moccasins
  2 merfolk skeletons (Volcano)
  An orc warrior (D:10)
  2 necrophages
  6 sky beasts
  2 ogres
  2 ice beasts (D:8)
  2 wasps
  6 centaurs
  Duvessa (D:6)
  9 giant frogs
  2 big kobolds
  3 scorpions
  A water moccasin skeleton (D:8)
  A troll skeleton (Volcano)
  10 killer bees (D:10)
  A spriggan skeleton (Volcano)
  3 vampire bats (D:2)
  Dowan (D:6)
  8 crimson imps
  A giant frog zombie (D:6)
  9 jellies
  A centaur zombie (D:7)
  8 orc priests
  10 hounds
  2 centaur skeletons
  A goliath beetle (D:7)
  A giant frog skeleton (D:10)
  2 iguanas (Lair:1)
  5 worker ants
  A two-headed ogre skeleton (Volcano)
  14 orc wizards
  2 quasits
  7 sheep (Lair:1)
  Ijyb (D:4)
  A hound zombie (D:6)
  2 naga skeletons (Volcano)
  An ogre skeleton (Volcano)
  3 hound skeletons
  2 mummies (Volcano)
  4 gnolls
  13 adders
  2 river rats (D:9)
  A shadow imp (D:5)
  5 giant mites
  5 worms
  3 adder zombies
  An adder skeleton (D:8)
  5 giant geckos
  5 oozes (D:8)
  44 orcs
  4 ball pythons
  13 bats
  3 bat skeletons (D:2)
  4 bat zombies
  9 goblins
  14 hobgoblins
  4 jackals (D:1)
  4 quokkas
  5 giant cockroaches
  5 giant newts
  23 kobolds
  2 quokka zombies (D:6)
  15 rats
  2 butterflies (D:7)
  A fungus (D:9)
357 creatures vanquished.

Vanquished Creatures (others)
  A vault guard (D:10)
  A hill giant (D:10)
  A two-headed ogre (D:10)
  5 ogres
  A giant spore (D:10)
  7 fungi (D:9)
16 creatures vanquished.

Grand Total: 373 creatures vanquished

Notes
Turn   | Place    | Note
--------------------------------------------------------------
     0 | Abyss:1  | mauris, the Hill Orc Abyssal Knight, began the quest for the Orb.
     0 | Abyss:1  | Reached XP level 1. HP: 19/19 MP: 1/1
    32 | D:1      | Escaped the Abyss
   289 | D:1      | Reached XP level 2. HP: 27/27 MP: 2/2
   532 | D:1      | Reached skill level 4 in Fighting
  1207 | D:2      | Acquired Lugonu's second power
  1262 | D:2      | Reached XP level 3. HP: 31/33 MP: 4/4
  1546 | D:2      | Huge Dmg: 10 Dmg
  1810 | D:2      | Huge Dmg: 7 Dmg
  1820 | D:1      | Reached XP level 4. HP: 28/41 MP: 7/7
  1980 | D:2      | Found an ancient bone altar of Kikubaaqudgha.
  1980 | D:2      | Noticed a vampire bat
  1981 | D:2      | Noticed a vampire bat
  1981 | D:2      | Noticed a vampire bat
  1984 | D:2      | Killed a vampire bat
  1990 | D:2      | Killed a vampire bat
  1990 | D:2      | Reached XP level 5. HP: 43/47 MP: 9/9
  1994 | D:2      | Killed a vampire bat
  1994 | D:2      | Reached skill level 5 in Fighting
  2363 | D:3      | Found a deep blue altar of Sif Muna.
  2549 | D:3      | Acquired Lugonu's third power
  2621 | D:3      | Reached XP level 6. HP: 54/56 MP: 11/11
  3017 | D:3      | Huge Dmg: 14 Dmg
  3220 | D:4      | Found a white marble altar of Elyvilon.
  3360 | D:4      | Found a shadowy altar of Dithmenos.
  3361 | D:4      | Found a deep blue altar of Sif Muna.
  3362 | D:4      | Found a shimmering altar of Xom.
  3494 | D:4      | Noticed Ijyb
  3515 | D:4      | Killed Ijyb
  3515 | D:4      | Reached skill level 5 in Invocations
  3562 | D:4      | Reached skill level 5 in Axes
  3951 | D:4      | Huge Dmg: 24 Dmg
  3953 | D:4      | Huge Dmg: 20 Dmg
  3954 | D:4      | Reached XP level 7. HP: 42/62 MP: 13/13
  4179 | D:4      | Acquired Lugonu's fourth power
  4287 | D:4      | Found a sparkling altar of Nemelex Xobeh.
  4287 | D:4      | Found a basalt altar of Yredelemnul.
  4386 | D:4      | Reached skill level 6 in Fighting
  4549 | D:5      | Entered Level 5 of the Dungeon
  5150 | D:5      | Reached skill level 5 in Armour
  5150 | D:5      | Reached XP level 8. HP: 37/71 MP: 15/17
  6032 | D:6      | Reached skill level 7 in Fighting
  6205 | D:6      | Noticed Blork the orc
  6233 | D:6      | Huge Dmg: 12 Dmg
  6234 | D:6      | Noticed Duvessa
  6236 | D:6      | Noticed Dowan
  6617 | D:6      | Banished Blork the orc
  6795 | D:6      | Killed Duvessa
  6805 | D:6      | Killed Dowan
  6987 | D:7      | Found a glowing silver altar of Zin.
  7036 | D:7      | Reached XP level 9. HP: 54/79 MP: 20/20
  7243 | D:7      | Reached skill level 8 in Fighting
  7289 | D:7      | Acquired Lugonu's fifth power
  7895 | D:7      | Huge Dmg: 14 Dmg
  8024 | D:7      | Found a staircase to the Ecumenical Temple.
  8281 | D:8      | Noticed a fire crab
  8282 | D:8      | Noticed a yaktaur
  8283 | D:8      | hi wtf
  8291 | D:8      | Huge Dmg: 13 Dmg
  8292 | D:8      | Huge Dmg: 20 Dmg
  8295 | D:7      | Huge Dmg: 14 Dmg
  8836 | D:8      | Reached skill level 9 in Fighting
  8903 | D:8      | Noticed an unseen horror
  8947 | D:8      | Killed an unseen horror
  9136 | D:8      | Reached XP level 10. HP: 89/89 MP: 23/23
  9924 | D:8      | Huge Dmg: 11 Dmg
 10782 | D:9      | Reached skill level 10 in Invocations
 11056 | D:9      | Reached skill level 10 in Fighting
 11232 | D:9      | Found a staircase to the Lair.
 11241 | D:9      | Reached skill level 10 in Axes
 11768 | D:9      | Found a staircase to the Orcish Mines.
 12033 | D:10     | Entered Level 10 of the Dungeon
 12053 | D:10     | Noticed a hill giant
 12054 | D:10     | Banished a hill giant
 12111 | D:10     | Found a shadowy altar of Dithmenos.
 12210 | D:10     | Reached skill level 11 in Invocations
 12210 | D:10     | Reached XP level 11. HP: 88/99 MP: 25/25
 13003 | D:10     | Noticed a vault guard
 13005 | D:10     | Banished a vault guard
 13329 | D:10     | Huge Dmg: 19 Dmg
 13698 | D:10     | Found a portal to a secret trove of treasure.
 13714 | Trove    | Entered a treasure trove
 13726 | Trove    | Got a smoking executioner's axe
 13730 | Trove    | Got a faintly glowing executioner's axe
 13744 | Trove    | Got a scorched executioner's axe
 13767 | Trove    | Identified the +9 executioner's axe "Klipp" {freeze, Contam +Rage rC+ Str+7 SInv} (You found it in a treasure trove)
 13837 | Lair:1   | Entered Level 1 of the Lair of Beasts
 13980 | Lair:1   | Found a dark tunnel.
 13998 | Volcano  | Entered a volcano
 14057 | Volcano  | Acquired Lugonu's first power
 14065 | Volcano  | Reached skill level 10 in Armour
 15267 | Lair:1   | Noticed a five-headed hydra
 15290 | Lair:2   | Noticed an eight-headed hydra
 15295 | Lair:1   | Huge Dmg: 26 Dmg
 15297 | Lair:1   | Huge Dmg: 24 Dmg
 15298 | Lair:1   | Huge Dmg: 18 Dmg
 15299 | Lair:1   | Slain by an eight-headed hydra

Action                   |  1- 3 |  4- 6 |  7- 9 | 10-12 || total
-------------------------+-------+-------+-------+-------++-------
Melee: Hand axe          |   104 |   197 |   606 |   486 ||  1393
       Battleaxe         |       |       |       |   114 ||   114
       Executioner's axe |       |       |       |    77 ||    77
Invok: Banish            |       |       |     5 |     6 ||    11
Evoke: Wand              |       |     2 |       |     1 ||     3
  Use: Scroll            |     7 |     3 |     9 |     5 ||    24
       Potion            |       |     1 |     5 |       ||     6
  Eat: Chunk             |     3 |     7 |    13 |    22 ||    45
       Meat ration       |       |       |     1 |       ||     1
       Fruit             |       |       |       |     1 ||     1

Vault maps used:
D:1:      scummos_arrival_star
D:2:      mumra_celtic_spiral_tile, kennysheep_vampire_church
D:3:      led_sif_book
D:4:      minitemple, gammafunk_temple_overflow_pools, gup_sewer_entry_bubbles,
          uniq_iyjb
D:5:      first_bread
D:6:      serial_park_square1, uniq_blork_the_orc, uniq_duvessa
D:7:      minmay_temple_entry_butterflies, basic_altar
D:8:      minmay_diamond_stairs, hangedman_little_slice_of_home, st_stairs_7
D:9:      due_lair_maze_entry_diamond, orc_0_dummy, grunt_ministairs_13,
          item_on_display_a
D:10:     special_room, enter_trove_5, grunt_dithmenos_smoke_and_mirrors
Lair:1:   nicolae_volcano_entry_hallway
Lair:2:   grunt_megastairs_4
Trove:    trove_weapon_2
Volcano:  volcano_tomb
